 Seeded DCSS version 0.30-a0-1016-gfb0d676c02 (webtiles) character file.

Game seed: 14080597689618016214 (custom seed)

267 GigaChad the Shield-Bearer (level 6, -7/73 HPs)
             Began as a Formicid Fighter on Apr 6, 2023.
             Killed by an exploding Ijyb (27 damage)
             ... ignited by their inner flame
             ... on level 3 of the Dungeon.
             The game lasted 00:08:17 (1967 turns).

GigaChad the Shield-Bearer (Formicid Fighter)       Turns: 1967, Time: 00:08:18

Health: -7/73      AC: 23    Str: 24    XL:     6   Next: 45%
Magic:  6/6        EV:  2    Int:  8    God:
Gold:   100        SH: 15    Dex: 18    Spells: 5/5 levels left

rFire   . . .      SeeInvis .    a - +0 war axe (vamp)
rCold   . . .      Faith    .    g - +0 tower shield of the Journeyman {Str+2}
rNeg    . . .      Spirit   .    p - melded +0 chain mail
rPois   +          Reflect  .    (helmet unavailable)
rElec   .          Rampage  .    (cloak currently unavailable)
rCorr   +                        (gloves currently unavailable)
Will    .....                    (boots currently unavailable)
Stlth   ++                       (no amulet)
HPRegen 0.32/turn                l - ring of Hocasos {rCorr Dex+5}
MPRegen 0.10/turn                (no ring)

@: brilliant, tree-form, weak-willed, attractive
A: stationary, stasis, torment immunity, boosted hp, permanent stasis, dig
shafts and tunnels, (antennae 3), four strong arms
a: no special abilities


You were on level 3 of the Dungeon.
You were a tree.
You visited 1 branch of the dungeon, and saw 3 of its levels.

You collected 100 gold pieces.

Inventory:

Hand Weapons
 a - a +0 vampiric war axe (weapon)
Armour
 b - a +0 scale mail
 c - a +0 buckler
 g - the +0 tower shield of the Journeyman (worn) {Str+2}
   (You acquired it on level 1 of the Dungeon)

   Str:       It affects your strength (+2).
 p - a +0 chain mail (melded)
Jewellery
 k - a +4 ring of protection
 l - the ring of Hocasos (left branch) {rCorr Dex+5}
   (You acquired it on level 2 of the Dungeon)

   [ring of resist corrosion]

   Dex:       It affects your dexterity (+5).
   rCorr:     It protects you from acid and corrosion.
Scrolls
 e - 2 scrolls of teleportation
 f - a scroll of fog
 m - a scroll of poison
 n - a scroll of immolation
Potions
 d - 2 potions of might


   Skills:
 * Level 4.5 Fighting
 + Level 3.8 Axes
 + Level 4.1 Armour
 * Level 5.9 Shields


You had 5 spell levels left.
You didn't know any spells.
Your spell library contained the following spells:

 Spells                   Type           Power      Damage    Failure   Level
 Lesser Beckoning         Tloc           0%         N/A       98%         2
 Gell's Gravitas          Tloc           0%         N/A       100%        3
 Teleport Other           Tloc           0%         N/A       100%        3


Dungeon Overview and Level Annotations

Branches:
Dungeon (3/15)

Altars:


Innate Abilities, Weirdness & Mutations

You are a tree.
Your roots penetrate the ground, keeping you stationary.
You cannot be teleported.
You are immune to unholy pain and torment.
Your maximum health is greatly increased.
Your equipment is partially melded.
You cannot be hasted, slowed, berserked, paralysed or teleported.
You can dig through walls and to a lower floor.
((You have a pair of large antennae on your head. (SInv)))
Your four strong arms can wield two-handed weapons with a shield.


Message History

There are monsters nearby!
There are monsters nearby!
You cannot move.
You cannot move.
You cannot move.
You cannot move.
You cannot move.
There are monsters nearby!
There are monsters nearby!
As you read the scroll labelled OZOBUCR BELLU, it crumbles to dust.
It is a scroll of brand weapon.
Your +0 war axe thirsts for the lives of mortals!
a - a +0 vampiric war axe (weapon)
As you read the scroll labelled KOOKKO XAOTT, it crumbles to dust.
Magic quickly surges around you.
It was a scroll of vulnerability.
As you read the scroll of immolation, it crumbles to dust.
The creatures around you are filled with an inner flame!
You cannot move.
There's no open space to fill with poison.
You cannot move.
You cannot move.
You cannot move.
You cannot move.
It was a potion of flight.
Your roots keep you in place.
It was a potion of brilliance.
You feel clever all of a sudden.
It was a potion of attraction.
You feel attractive to monsters. Ijyb is attracted toward you.
The goblin is attracted toward you. x3
You hit Ijyb.
Flame seeps out of Ijyb.
Ijyb is severely wounded.
The goblin is engulfed in poison gas.
The goblin is poisoned.
The goblin explodes!
The fiery explosion engulfs Ijyb!!
The fiery explosion engulfs the goblin!!
The goblin explodes!
The fiery explosion engulfs the goblin!!
The goblin explodes!
Ijyb explodes!
The fiery explosion engulfs you!!
You die...

#§§§§# #§§☼§# ######
#☼§§§# #....# #§☼§§#
#.##.# .. #§☼§§#
#.##.#### #.# #§☼§☼#
#$##....#
#..####§§§§###§##....#
#....#§§♣§§☼§§g#....##
#§§§§§☼§☼8○8§§.....#
#§§☼§§§§§#§#§§..##.#
#####§§○§§§§§#.#.....#
#.†§§§§☼☼☼§###.###.#.#
#.###§○§§§☼#8...8#...#
# #.#
#§☼§§☼§#.._..#.### #.
#.# #§§§§§§#8...8#g#
#.## #S#
#......###.###.#


There were no monsters in sight!

Vanquished Creatures
  Sigmund (D:2)
  Ijyb (D:3)
  3 adders (D:2)
  2 worms (D:2)
  3 dart slugs
  4 orcs (D:3)
  4 endoplasms
  A giant cockroach (D:2)
  4 hobgoblins (D:2)
  8 jackals
  5 quokkas
  9 ball pythons
  2 bats (D:2)
  4 frilled lizards
  9 goblins
  4 kobolds
  8 rats
72 creatures vanquished.

Notes
Turn   | Place    | Note
-------+----------+-------------------------------------------
     0 | D:1      | GigaChad the Formicid Fighter began the quest for the Orb.
     0 | D:1      | Reached XP level 1. HP: 18/18 MP: 1/1
   147 | D:1      | Reached XP level 2. HP: 19/24 MP: 2/2
   469 | D:1      | Reached XP level 3. HP: 16/29 MP: 3/3
   771 | D:1      | Identified a scroll of acquirement
   771 | D:1      | Acquired the +0 tower shield of the Journeyman {Str+2}
  1004 | D:2      | Reached XP level 4. HP: 22/37 MP: 4/4
  1008 | D:2      | Acquired the ring of Hocasos {rCorr Dex+5}
  1427 | D:2      | Noticed Sigmund
  1451 | D:2      | Killed Sigmund
  1452 | D:2      | Reached skill level 5 in Shields
  1452 | D:2      | Reached XP level 5. HP: 19/43 MP: 5/5
  1452 | D:2      | Reached XP level 6. HP: 22/49 MP: 6/6
  1858 | D:3      | Found a faded altar of an unknown god.
  1902 | D:3      | Noticed Ijyb
  1967 | D:3      | Killed Ijyb
  1967 | D:3      | Killed by an exploding Ijyb... ignited by their inner flame

Illustrated notes

Levels and vault maps discovered:
D:1:      lemuel_arrival_rhombus, layout_basic
D:2:      layout_loops_ring, uniq_sigmund
D:3:      kennysheep_the_goblin_king, layout_basic,
          dreamdust_ecumenical_altar_angels_and_demons, corner_web_ring

Skill      XL: |  1  2  3  4 |
---------------+-------------+-----
Fighting       | 4 |  4.5
Axes           | 3 |  3.8
Armour         | 4 |  4.1
Shields        | 5 |  5.9

Action                     |  1- 3 |  4- 6 || total
---------------------------+-------+-------++-------
  Melee: War axe           |    85 |   108 ||   193
         Unarmed           |       |    11 ||    11
    Use: Scroll            |     2 |     7 ||     9
         Potion            |       |     5 ||     5
 Armour: Scale mail        |    48 |     3 ||    51
         Chain mail        |       |    36 ||    36
  Dodge: Dodged            |    35 |    34 ||    69
  Block: Buckler           |    17 |       ||    17
         Tower shield      |    19 |   100 ||   119

Table legend: (Time is in decaauts)
 A = Elapsed time spent in this place.
 B = Non-inter-level travel time spent in this place.
 C = Inter-level travel time spent in this place.
 D = Time resting spent in this place.
 E = Time spent auto-exploring this place.
 F = Levels seen in this place.
 G = Mean time per level.
                   A        B        C        D        E       F      G
               +--------+--------+--------+--------+--------+-----+--------+
         Total |   2060 |   2019 |     41 |     81 |   1158 |   3 |  686.7 |
       Dungeon |   2060 |   2019 |     41 |     81 |   1158 |   3 |  686.7 |
               +--------+--------+--------+--------+--------+-----+--------+

Top non-repeatable levels by time:
     D:1: 969 daAuts
     D:2: 921 daAuts
     D:3: 169 daAuts
